 Dungeon Crawl Stone Soup version 0.23.2 (webtiles) character file.

Game seed: 1087095754484204329

738 Gargoyl the Skirmisher (level 7, 0/59 HPs)
             Began as a Centaur Abyssal Knight on Apr 5, 2019.
             Was a Priest of Lugonu.
             Splashed by a jelly's acid (7 damage)
             ... on level 6 of the Dungeon.
             The game lasted 00:08:40 (6871 turns).

Gargoyl the Skirmisher (Centaur Abyssal Knight)     Turns: 6871, Time: 00:08:41

Health: 0/59       AC: -2    Str: 15    XL:     7   Next: 46%
Magic:  9/9        EV:  5    Int: 11    God:    Lugonu [***...]
Gold:   253        SH:  0    Dex: 10    Spells: 6/6 levels left

rFire    . . .     SeeInvis .   a - +2 hand axe
rCold    . . .     Gourm    .   (no shield)
rNeg     . . .     Faith    .   d - +0 chain mail
rPois    .         Spirit   .   l - +0 helmet
rElec    .         Reflect  .   b - scarf {repulsion}
rCorr    .         Harm     .   (no gloves)
MR       .....                  (no barding)
Stlth    ..........             k - amulet of rage
HPRegen  0.19/turn              (no ring)
MPRegen  0.11/turn              (no ring)

@: corroded, repel missiles, very quick
A: large, hooves 3, deformed body, speed 2, tough skin 3
a: Depart the Abyss, Bend Space, Banish, Renounce Religion, Evoke Berserk Rage


You were on level 6 of the Dungeon.
You worshipped Lugonu.
Lugonu was most pleased with you.
You were very hungry.

You visited 1 branch of the dungeon, and saw 6 of its levels.
You visited the Abyss 1 time.

You collected 253 gold pieces.

Inventory:

Hand Weapons
 a - a +2 hand axe (weapon)
Missiles
 e - 6 tomahawks (quivered)
Armour
 b - a scarf of repulsion (worn)
 d - a +0 chain mail (worn)
 l - a +0 helmet (worn)
Jewellery
 k - an amulet of rage (around neck)
 p - an uncursed ring of poison resistance {unknown}
Wands
 j - a wand of acid (22)
 o - a wand of polymorph (10)
Scrolls
 g - 3 scrolls of remove curse
 h - 2 scrolls of teleportation
 n - a scroll of identify
Potions
 f - a potion of might
 i - 2 potions of berserk rage
 m - a potion of curing {unknown}
Comestibles
 c - 7 rations


   Skills:
 + Level 4.2 Fighting
 + Level 4.1 Axes
 + Level 0.1 Throwing
 * Level 3.5 Armour
 * Level 2.4 Dodging
 * Level 3.8 Invocations
 + Level 0.5 Evocations


You had 6 spell levels left.
You didn't know any spells.
Your spell library was empty.

Dungeon Overview and Level Annotations

Branches:
Dungeon (6/15)             Temple (0/1) D:5

Altars:
Ashenzari
Cheibriados
Nemelex Xobeh
Sif Muna
The Shining One


Innate Abilities, Weirdness & Mutations

You have hooves in place of feet.
Armour fits poorly on your strangely shaped body.
You cover ground very quickly.
You have extremely tough skin. (AC +3)


Message History

The worker ant is heavily wounded.
You hit the jelly.
Your hands burn!
The jelly hits you but does no damage. The worker ant bites you.
You barely miss the worker ant.
The worker ant is heavily wounded.
You hit the jelly.
Your hands burn!
The jelly hits you. The acid corrodes you!
You are splashed with acid!
The worker ant bites you.
* * * LOW HITPOINT WARNING * * *
Unknown command.
You hit the worker ant but do no damage.
You kick the worker ant, but do no damage.
The worker ant is heavily wounded.
You hit the jelly.
Your hands burn!
* * * LOW HITPOINT WARNING * * *
The worker ant bites you.
* * * LOW HITPOINT WARNING * * *
The jelly hits you.
* * * LOW HITPOINT WARNING * * *
The acid corrodes you!
You are splashed with acid!
You die...

## #....#
#.. ....#
...# .#..#
#...# ...#
#.#..#...#
##..#..#..#
##....#sJ..#
...#..#a@.#
#..#..#.##
#...#...#
#.#.)#..#
####..#..#.#
#<##...#...#
#.#..#..#..#
#.#...#..#.#
#..........#


You could see a jelly, a worker ant and a giant cockroach.

Vanquished Creatures
  2 ogres (D:4)
  Blork the orc (D:3)
  3 orc priests (D:5)
  A bullfrog zombie (D:5)
  A hound (D:5)
  3 orc wizards
  2 worker ants (D:4)
  A hound skeleton (D:4)
  7 adders
  2 oozes (D:1)
  An adder skeleton (D:5)
  2 worms
  7 dart slugs
  25 orcs
  3 bats
  8 giant cockroaches
  3 goblins (D:1)
  10 hobgoblins
  11 jackals
  3 kobolds
  4 quokkas
  A ball python (D:4)
  2 frilled lizards (D:1)
  A jackal skeleton (D:4)
  6 rats
110 creatures vanquished.

Vanquished Creatures (others)
  A starspawn tentacle (Abyss:2)
1 creature vanquished.

Grand Total: 111 creatures vanquished

Notes
Turn   | Place    | Note
-------+----------+-------------------------------------------
     0 | Abyss:1  | Gargoyl the Centaur Abyssal Knight began the quest for the
                  | Orb.
     0 | Abyss:1  | Reached XP level 1. HP: 19/19 MP: 2/2
    40 | Abyss:1  | Noticed a spatial maelstrom
    42 | Abyss:1  | Noticed a spatial vortex
    44 | Abyss:1  | Noticed a spatial vortex
    45 | Abyss:1  | Noticed a spatial vortex
   109 | Abyss:2  | Noticed an apocalypse crab
   115 | Abyss:2  | Noticed a tentacled starspawn
   125 | Abyss:3  | Found a corrupted altar of Lugonu.
   128 | Abyss:3  | Found a corrupted altar of Lugonu.
   149 | Abyss:3  | Noticed a large abomination
   164 | Abyss:3  | Noticed an orange demon
   183 | D:1      | Escaped the Abyss
   545 | D:1      | Reached XP level 2. HP: 24/26 MP: 3/3
   645 | D:1      | Reached * piety under Lugonu
   751 | D:1      | Reached skill level 1 in Dodging
   752 | D:1      | Reached XP level 3. HP: 31/31 MP: 4/4
  1450 | D:2      | Found a sparkling altar of Nemelex Xobeh.
  1532 | D:2      | Reached XP level 4. HP: 30/38 MP: 5/5
  1561 | D:2      | Reached ** piety under Lugonu
  2362 | D:3      | Reached XP level 5. HP: 18/45 MP: 5/7
  2552 | D:3      | Found a faded altar of an unknown god.
  3146 | D:3      | Found a shattered altar of Ashenzari.
  3292 | D:3      | Noticed Blork the orc
  3296 | D:3      | Found a deep blue altar of Sif Muna.
  3661 | D:4      | Noticed an ogre
  4204 | D:4      | Killed an ogre
  4204 | D:4      | Reached XP level 6. HP: 47/52 MP: 8/8
  4384 | D:3      | Killed Blork the orc
  4957 | D:4      | Found a snail-covered altar of Cheibriados.
  5141 | D:5      | Entered Level 5 of the Dungeon
  5152 | D:5      | Reached XP level 7. HP: 57/59 MP: 9/9
  5507 | D:5      | Found a staircase to the Ecumenical Temple.
  5527 | D:5      | Found a glowing golden altar of the Shining One.
  5640 | D:5      | HP: 1/59 [orc/+0 war axe (4)]
  6335 | D:5      | Reached *** piety under Lugonu
  6871 | D:6      | Splashed by a jelly's acid

Skill      XL: |  1  2  3  4  5  6  7 |
---------------+----------------------+-----
Axes           | 2 3 4 |  4.1
Dodging        | 1 2 |  2.4
Armour         | 2 3 |  3.5
Invocations    | 3 |  3.8
Fighting       | 4 |  4.2
Throwing       | |  0.1
Evocations     | |  0.5

Action                   |  1- 3 |  4- 6 |  7- 9 || total
-------------------------+-------+-------+-------++-------
Melee: Hand axe          |   101 |   151 |   123 ||   375
       Kick              |    18 |    33 |    25 ||    76
Throw: Tomahawk          |       |     2 |       ||     2
Invok: Depart the Abyss  |     1 |       |       ||     1
       Bend Space        |       |     2 |       ||     2
 Abil: Evoke Berserk Rag |       |     2 |     2 ||     4
  Use: Scroll            |     3 |    10 |     1 ||    14
       Potion            |     1 |     2 |     2 ||     5
  Eat: Chunk             |     1 |     8 |     6 ||    15
       Ration            |       |     1 |       ||     1
Armor: Chain mail        |    75 |   131 |    82 ||   288
Dodge: Dodged            |    17 |    47 |    21 ||    85
